 Dungeon Crawl Stone Soup version 0.29-a0-732-g3d7fbe0af2 (webtiles) character file.

Game seed: 1948342264869205300

67 gobodom the Insei (level 3, 0/26 HPs)
             Began as a Demonspawn Transmuter on June 30, 2022.
             Was a Follower of Dithmenos.
             Slain by a goblin
             ... wielding a +0 dagger
              (3 damage)
             ... on level 2 of the Dungeon.
             The game lasted 00:04:59 (1988 turns).

gobodom the Insei (Demonspawn Transmuter)           Turns: 1988, Time: 00:04:59

Health: 0/26       AC:  2    Str: 10    XL:     3   Next: 98%
Magic:  6/6        EV: 12    Int: 16    God:    Dithmenos [*.....]
Gold:   53         SH:  0    Dex: 13    Spells: 5/6 levels left

rFire   . . .      SeeInvis .     - Unarmed
rCold   . . .      Faith    .   (no shield)
rNeg    . . .      Spirit   .   a - +0 robe
rPois   .          Reflect  .   (no helmet)
rElec   .          Harm     .   (no cloak)
rCorr   .          Rampage  .   (no gloves)
Will    +....                   (no boots)
Stlth   ++........              (no amulet)
HPRegen 0.08/turn               c - ring of willpower
MPRegen 0.10/turn               (no ring)

@: lethally poisoned (0 -> -3), wreathed by umbra
A: foul stench 1
a: Renounce Religion


You were on level 2 of the Dungeon.
You worshipped Dithmenos.
Dithmenos was aware of your devotion.
You visited 1 branch of the dungeon, and saw 2 of its levels.

You collected 53 gold pieces.

Inventory:

Hand Weapons
 d - a +0 short sword
Missiles
 h - 2 poisoned darts
 j - a throwing net
 k - 5 boomerangs
Armour
 a - a +0 robe (worn)
 m - an orb of guile
Jewellery
 c - a ring of willpower (left hand)
Scrolls
 e - 3 scrolls of identify {unknown}
 g - 2 scrolls of immolation
 i - a scroll of fear {unknown}
 l - a scroll of fog {unknown}
 o - a scroll of teleportation {unknown}
Potions
 b - a potion of lignification
 f - a potion of haste {unknown}
 n - a potion of mutation {unknown}


   Skills:
 + Level 1.0 Fighting
 + Level 2.2 Dodging
 + Level 0.3 Stealth
 + Level 3.7 Unarmed Combat
 + Level 2.2 Spellcasting
 + Level 2.1 Transmutations


You had 5 spell levels left.
You knew the following spells:

 Your Spells              Type           Power      Damage    Failure   Level
a - Beastly Appendage     Tmut           16%        N/A       9%          1

Your spell library contained the following spells:

 Spells                   Type           Power      Damage    Failure   Level
 Wereblood                Tmut           8%         N/A       12%         2
 Spider Form              Tmut/Pois      5%         N/A       36%         3
 Ice Form                 Ice/Tmut       5%         N/A       78%         4


Dungeon Overview and Level Annotations

Branches:
Dungeon (2/15)

Altars:
Dithmenos


Innate Abilities, Weirdness & Mutations

You may rarely emit foul miasma when damaged in melee.


Message History

The adder misses you. The adder completely misses you.
You barely miss the adder.
The endoplasm quivers.
You claw the adder.
The adder is heavily wounded.
You feel sick. The adder bites you. The adder misses you.
You feel sick. The adder bites you. The adder closely misses you.
There is an open door here.
You feel sick. The adder bites you but does no damage.
You hit the adder. Your headbutt misses the adder.
The adder is severely wounded.
You feel sick.
You are no longer poisoned.
The adder closely misses you.
You hit the adder.
You kill the adder!
Dithmenos accepts your kill. The adder closely misses you.
You barely miss the adder.
The adder is severely wounded.
Your horns disappear.
Your talons disappear.
The adder bites you.
You are poisoned.
The adder poisons you!
You hit the adder.
You kill the adder!
Dithmenos accepts your kill.
You feel sick.
The goblin unwields a +0 dagger.
The goblin wields a +0 sling.
The goblin shoots a sling bullet.
The sling bullet barely misses you.
A kobold comes into view. It is wielding a +0 dagger.
You feel sick. The endoplasm barely misses you.
The goblin unwields a +0 sling.
The goblin wields a +0 dagger.
The goblin closely misses you.
There is an open door, spattered with blood here.
You see here an adder corpse.
You barely miss the goblin.
You feel sick. The endoplasm hits you.
* * * LOW HITPOINT WARNING * * *
The goblin hits you with a +0 dagger.
* * * LOW HITPOINT WARNING * * *
The goblin attacks as you move away! The goblin hits you with a +0 dagger.
You die...

. #. ...######
#.......#
#.......#
.......J######
...K...g@...>#
........####.#
.######## #.#
#.# #.####
#########
#....#
#.......#
####.#
#.......# #.#
#.......# #.#


You could see an endoplasm, a goblin and a kobold (wandering).

Vanquished Creatures
  3 adders (D:2)
  2 dart slugs (D:1)
  2 ball pythons (D:2)
  6 bats
  2 endoplasms (D:1)
  2 goblins (D:1)
  3 hobgoblins
  6 kobolds (D:1)
  4 quokkas (D:1)
  2 frilled lizards (D:1)
  3 rats
35 creatures vanquished.

Vanquished Creatures (others)
  A plant (D:1)
1 creature vanquished.

Grand Total: 36 creatures vanquished

Notes
Turn   | Place    | Note
-------+----------+-------------------------------------------
     0 | D:1      | gobodom the Demonspawn Transmuter began the quest for the
                  | Orb.
     0 | D:1      | Reached XP level 1. HP: 15/15 MP: 3/3
    84 | D:1      | Reached skill level 3 in Unarmed Combat
   275 | D:1      | Gained mutation: You may rarely emit foul miasma when
                  | damaged in melee. [demonic ancestry]
   275 | D:1      | Reached XP level 2. HP: 13/21 MP: 3/5
  1095 | D:1      | Reached XP level 3. HP: 17/26 MP: 6/6
  1506 | D:2      | Found a faded altar of an unknown god.
  1524 | D:2      | HP: 1/26 [poisoned by an adder]
  1849 | D:2      | Prayed at the altar of an unknown god.
  1849 | D:2      | Became a worshipper of Dithmenos the Shadowed
  1849 | D:2      | Reached * piety under Dithmenos
  1988 | D:2      | Slain by a goblin

Illustrated notes

Levels and vault maps discovered:
D:1:      enne_arrival_octagon_isle, layout_rooms, hangedman_decor_points,
          minmay_misc_feat_rugged, serial_bayou_pond_b, minmay_misc_feat_chi,
          roderic_roman_lattice
D:2:      layout_basic, hellmonk_ecumenical_altar_blasted, basic_altar,
          minmay_tripent

Skill      XL: |  1  2  3 |
---------------+----------+-----
Unarmed Combat | 3 |  3.7
Dodging        | 2 |  2.2
Transmutations | 2 |  2.1
Fighting       | |  1.0
Stealth        | |  0.3
Spellcasting   | |  2.2

Action                   || total
-------------------------++-------
Melee: Unarmed           ||   111
       Short sword       ||     5
       Kick              ||    11
       Headbutt          ||     6
       Punch             ||     1
 Cast: Beastly Appendage ||    16
Armor: Robe              ||    19
Dodge: Dodged            ||    71

Table legend: (Time is in decaauts)
 A = Elapsed time spent in this place.
 B = Non-inter-level travel time spent in this place.
 C = Inter-level travel time spent in this place.
 D = Time resting spent in this place.
 E = Time spent auto-exploring this place.
 F = Levels seen in this place.
 G = Mean time per level.
                   A        B        C        D        E       F      G
               +--------+--------+--------+--------+--------+-----+--------+
         Total |   1983 |   1943 |     40 |    305 |   1315 |   2 |  991.5 |
       Dungeon |   1983 |   1943 |     40 |    305 |   1315 |   2 |  991.5 |
               +--------+--------+--------+--------+--------+-----+--------+

Top non-repeatable levels by time:
     D:1: 1391 daAuts
     D:2: 592 daAuts
